 Dungeon Crawl Stone Soup version 0.26-a0-651-gb41185065b (webtiles) character file.

Game seed: 10316730414745197246

247737 Flugslaktarn the Severer (level 18, -7/183 HPs)
             Began as a Deep Dwarf Fighter on Oct 8, 2020.
             Was the Champion of Makhleb.
             Mangled by a caustic shrike (9 damage)
             ... on level 4 of the Depths.
             The game lasted 00:15:35 (17671 turns).

Flugslaktarn the Severer (Deep Dwarf Fighter)      Turns: 17671, Time: 00:15:35

Health: -7/183     AC:  9    Str: 23    XL:     18   Next: 34%
Magic:  14/14      EV: 10    Int: 13    God:    Makhleb [******]
Gold:   1540       SH: 13    Dex: 19    Spells: 17/17 levels left

rFire    + . .     SeeInvis .   a - +2 broad axe (elec)
rCold    + . .     Faith    .   c - +0 kite shield
rNeg     + + .     Spirit   .   N - +0 gold dragon scales
rPois    +         Reflect  .   i - +2 hat {MR+}
rElec    .         Harm     .   g - +1 cloak
rCorr    .         Rampage  .   o - +2 pair of gloves {Dex+3}
MR       +++..                  f - +2 pair of boots
Stlth    ..........             C - amulet of the acrobat
HPRegen  0.00/turn              p - +4 ring of protection
MPRegen  0.14/turn              B - ring of the Madman {+Fly rPois rN+ Int+3 Slay+4}

@: corroded, non-regenerating
A: damage resistance, heal wounds, deformed body, negative energy resistance 1,
sense surroundings 3, no regeneration
}: 3/15 runes: decaying, serpentine, abyssal
a: Heal Wounds, Minor Destruction, Lesser Servant of Makhleb, Major Destruction,
Greater Servant of Makhleb, Renounce Religion, Evoke Flight


You were on level 4 of the Depths.
You worshipped Makhleb.
Makhleb was exalted by your worship.
You visited 6 branches of the dungeon, and saw 33 of its levels.
You visited the Abyss 1 time.
You also visited: Gauntlet.

You collected 1540 gold pieces.

Inventory:

Hand Weapons
 a - a +2 broad axe of electrocution (weapon)
   (You took it off an orc knight on level 15 of the Dungeon)
 b - a +1 dire flail of distortion
   (You took it off a naga on level 4 of the Snake Pit)
Armour
 c - a +0 kite shield (worn)
 f - a +2 pair of boots (worn)
   (You found it on level 8 of the Dungeon)
 g - a +1 cloak (worn)
   (You took it off Crazy Yiuf on level 6 of the Dungeon)
 i - a +2 hat of magic resistance (worn)
   (You found it in a Gauntlet)
 o - a +2 pair of gloves of dexterity (worn)
   (You found it in a Gauntlet)
 N - +0 gold dragon scales (worn)
   (You found it on level 4 of the Depths)
Jewellery
 k - an uncursed ring of resist corrosion
   (You found it on level 6 of the Dungeon)
 m - an uncursed ring of protection from magic
   (You found it on level 1 of the Dungeon)
 p - a +4 ring of protection (left hand)
   (You found it on level 2 of the Lair of Beasts)
 v - a +4 ring of evasion
   (You found it on level 10 of the Dungeon)
 B - the ring of the Madman (right hand) {+Fly rPois rN+ Int+3 Slay+4}
   (You found it on level 4 of the Lair of Beasts)

   [ring of slaying]

   It affects your intelligence (+3).
   It affects your accuracy and damage with ranged weapons and melee attacks
   (+4).
   It protects you from poison.
   It protects you from negative energy.
   It lets you fly.
 C - an amulet of the acrobat (around neck)
   (You found it on level 8 of the Dungeon)
Wands
 e - a wand of paralysis (10)
   (You found it on level 7 of the Dungeon)
 I - a wand of acid (12)
   (You found it on level 11 of the Dungeon)
 J - a wand of enslavement (11)
   (You found it on level 1 of the Swamp)
 K - a wand of iceblast (8)
   (You found it on level 1 of the Swamp)
Scrolls
 l - 6 scrolls of magic mapping
 r - 8 scrolls of identify
 s - 3 scrolls of fear
 t - 10 scrolls of teleportation
 x - 6 scrolls of remove curse
 z - 3 scrolls of blinking
 G - 2 scrolls of silence
Potions
 d - 4 potions of might
 h - 2 potions of haste
 j - 2 potions of lignification
 n - a potion of resistance
 q - 7 potions of curing
 w - 5 potions of heal wounds
 A - a potion of stabbing
 D - 2 potions of flight
 E - 2 potions of invisibility
 L - a potion of ambrosia {unknown}
 M - a potion of cancellation {unknown}
Miscellaneous
 F - a condenser vane (inert)
   (You found it on level 13 of the Dungeon)


   Skills:
 * Level 16.4 Fighting
 - Level 18.0 Axes
 + Level 14.3 Armour
 - Level 10.5 Dodging
 + Level 10.6 Shields
 - Level 15.0 Invocations
 - Level 10.0 Evocations


You had 17 spell levels left.
You didn't know any spells.
Your spell library was empty.

Dungeon Overview and Level Annotations

Branches:
Dungeon (15/15)            Temple (1/1) D:5            Lair (4/6) D:11
  Swamp (4/4) Lair:4        Snake (4/4) Lair:3          Orc (0/2) D:12
 Vaults (0/5) D:14         Depths (5/5) D:15        Gauntlet (visited)
    Zot: Depths:5

Altars:
Ashenzari
Cheibriados
Dithmenos
Elyvilon
Fedhas
Gozag
Hepliaklqana
Kikubaaqudgha
Makhleb
Nemelex Xobeh
Okawaru
Ru
Sif Muna
Trog
Uskayaw
Vehumet
Wu Jian
Xom
Yredelemnul
Zin
The Shining One

Shops:
D:6 =

Portals:
Ziggurat: Depths:2

Annotations:
D:5 2 transporters, Ferkelamun's ghost, novice GnNe
D:11 1 runed translucent door, Flugslaktarn's ghost, journeyman DDFi
D:12 1 transporter
Snake:1 1 transporter
Snake:4 1 runed translucent door, Flugslaktarn's ghost, adept DDFi


Innate Abilities, Weirdness & Mutations

You are resistant to damage.
You can heal yourself by infusing magical energy.
You resist negative energy. (rN+)
You passively map a large area around you.
You do not regenerate.
Armour fits poorly on your strangely shaped body.


Message History

* * * LOW HITPOINT WARNING * * *
You are splashed with acid!
* * * LOW HITPOINT WARNING * * *
The caustic shrike is engulfed in blazing flames.
Flame seeps out of the caustic shrike.
The caustic shrike is engulfed in freezing vapours.
Flame seeps out of the caustic shrike.
The caustic shrike is engulfed in blazing flames.
Flame seeps out of the caustic shrike.
You feel much better.
The caustic shrike is engulfed in freezing vapours.
Flame seeps out of the caustic shrike.
The caustic shrike claws you!!
* * * LOW HITPOINT WARNING * * *
You are splashed with acid!
* * * LOW HITPOINT WARNING * * *
The caustic shrike is engulfed in freezing vapours.
Flame seeps out of the caustic shrike.
The caustic shrike misses you.
The caustic shrike is engulfed in freezing vapours.
Flame seeps out of the caustic shrike.
The caustic shrike claws you!
You die...

.##.#.#.##.#.##D.>..........#
##.#.#.#.##.#.##....§.......<
#.#.##..#.##.#.##)..§........
.#.##?.#.##.#.##.§[.§......#
#.##..#.##.#.##.)§§........# .#
.##.#).##.#.##.#.)☼........# ..#
##.#.}##.#.##.#.#°.§.......##..#
#.#..##.#.##.#.##b§§...........#
##.#.#.#.##.#.##@b§§...........#
.##.#.#.##.#.##..b...........[.#
#.##.#.##.#.##.............##..**
.#.##.##.#.####.(.....[...## ,
#.#.###.#.####....##......##.
##.#.#.#.##.......##..........
##.#.#.##.......####.........#
##.#.##........# #........## #.##
##((.####..####.......##


You could see 3 caustic shrikes.

Vanquished Creatures
  Vashnia (Snake:2)
  A golden dragon (Depths:4)
  7 liches
  A tentacled monstrosity (Abyss:5)
  10 tentacled starspawn
  Agnes (D:14)
  Gastronok (Lair:2)
  Kirke (D:13)
  3 nagarajas (Snake:4)
  2 thorn hunters
  2 fire giants
  Aizul (Snake:4)
  3 very ugly things (Abyss:4)
  3 stone giants
  A vampire knight (Depths:4)
  Nessos (D:14)
  A deep elf demonologist (Depths:4)
  A minotaur (Gauntlet)
  A white draconian (Depths:4)
  An ettin (Depths:4)
  A fire dragon (Depths:4)
  Josephine (D:14)
  A yaktaur captain (Depths:4)
  2 great orbs of eyes
  4 vault guards (D:14)
  A quicksilver dragon skeleton (Abyss:5)
  4 ice dragons
  4 naga warriors
  4 rakshasas
  A spriggan air mage (Depths:4)
  13 hydras
  2 anacondas
  9 two-headed ogres
  A centaur warrior (D:13)
  3 ogre magi
  2 deep troll earth magi
  7 alligators
  3 spriggan berserkers
  2 deep troll shamans (Depths:2)
  A tengu warrior (D:15)
  A queen ant (Lair:3)
  8 thrashing horrors
  10 naga sharpshooters
  8 spriggans
  A sun demon (Abyss:4)
  A soul eater (Abyss:4)
  A shadow wraith (Abyss:5)
  An iron troll (Depths:2)
  2 spatial maelstroms
  A skeletal warrior (D:14)
  A salamander mystic (Snake:4)
  5 swamp dragons
  A sixfirhy (Abyss:4)
  2 wretched stars (Abyss:5)
  2 unseen horrors
  A deep troll (Depths:2)
  A deep troll (shapeshifter) (Depths:4)
  3 wizards
  2 glowing orange brains (Abyss:5)
  3 naga ritualists
  An orc knight (D:15)
  An anaconda skeleton (Abyss:4)
  2 orc sorcerers (D:15)
  3 ugly things (D:15)
  2 deep elf magi
  A mana viper (Snake:2)
  5 cyclopes
  A mana viper (shapeshifter) (Depths:2)
  3 salamanders
  3 manticores
  A black mamba (shapeshifter) (D:14)
  2 apocalypse crabs
  12 black mambas
  4 centaur zombies
  11 naga magi
  A torpor snail (Lair:4)
  3 smoke demons
  A gargoyle (D:12)
  An orange demon (Abyss:5)
  7 cane toads
  2 minotaur zombies (Gauntlet)
  A rime drake (Lair:2)
  2 kobold demonologists
  2 freezing wraiths
  4 yaktaurs (Depths:4)
  2 tengu conjurers
  2 efreet
  4 komodo dragons
  3 ancient zymes (Abyss:4)
  A troll (D:9)
  4 tyrant leeches
  7 hornets
  20 slime creatures
  10 hippogriffs
  3 bog bodies
  9 raiju
  4 blink frogs (Lair:3)
  10 flying skulls
  A water elemental (D:10)
  Sigmund (D:6)
  13 large abominations
  An air elemental (D:10)
  7 wraiths
  3 shadows
  30 yaks
  A vampire (D:14)
  2 ynoxinuls (Abyss:5)
  2 wyverns
  Eustachio (D:6)
  A fire elemental (D:10)
  6 fire bats (Abyss:5)
  6 hogs (D:13)
  2 neqoxecs
  8 chaos spawn
  A basilisk (Lair:4)
  6 golden eyes
  A steam dragon (Gauntlet)
  9 swamp worms
  16 vampire mosquitoes
  2 acid dragons (D:14)
  4 insubstantial wisps (Swamp:1)
  28 nagas
  15 soldier ants
  2 spatial vortices (Abyss:5)
  6 water moccasins
  5 porcupines
  4 sky beasts
  14 orc warriors
  An eye of draining (Abyss:4)
  5 phantoms
  7 swamp drakes
  2 necrophages
  3 ice beasts
  3 starcursed masses (Abyss:5)
  8 ogres
  7 centaurs
  2 crocodiles
  4 big kobolds
  22 bullfrogs
  8 small abominations
  An earth elemental (D:10)
  A water moccasin zombie (D:8)
  2 scorpions
  15 killer bees
  11 wights
  4 howler monkeys
  A crimson imp (D:5)
  11 orc wizards
  3 quasits
  8 orc priests
  A bullfrog zombie (D:8)
  6 jellies
  3 centaur skeletons
  A gnoll shaman (D:7)
  Crazy Yiuf (D:6)
  2 bullfrog skeletons
  2 hounds
  5 iguanas
  41 worker ants
  3 hound zombies
  3 hound skeletons
  2 worker ant zombies
  3 gnolls (D:7)
  2 howler monkey skeletons
  10 adders
  2 shadow imps
  6 white imps
  2 ufetubi
  An ooze (D:4)
  An adder skeleton (D:8)
  4 leopard geckos
  60 orcs
  2 bats
  A giant cockroach (D:5)
  4 goblins
  5 hobgoblins (D:1)
  10 jackals
  3 quokkas (D:4)
  A ball python (D:1)
  A frilled lizard (D:2)
  17 kobolds
  2 rats (D:1)
  3 briar patches (Swamp:3)
  A lurking horror (Abyss:5)
  13 starspawn tentacles
870 creatures vanquished.

Vanquished Creatures (collateral kills)
  the Lernaean hydra (Swamp:4)
  4 nagarajas (Snake:4)
  A naga warrior (Snake:4)
  6 hydras
  A two-headed ogre (D:10)
  An anaconda (Snake:4)
  A naga sharpshooter (Snake:4)
  A swamp dragon (Swamp:4)
  A naga ritualist (Snake:4)
  A black mamba (Snake:4)
  A cane toad (Swamp:4)
  A centaur skeleton (D:10)
  2 hornets (Swamp:4)
  A bog body (Swamp:4)
  A basilisk (D:12)
  11 nagas (Snake:4)
  An orc warrior (D:12)
  A swamp drake (Swamp:4)
  A crocodile (Lair:2)
  A bullfrog (D:10)
  An iguana (D:12)
  An orc wizard (D:12)
  An orc (D:12)
42 creatures vanquished.

Vanquished Creatures (others)
  Maurice (D:11)
  A cane toad (Swamp:1)
  A raiju (Abyss:4)
  A swamp worm (Swamp:1)
  A briar patch (Swamp:3)
  7 fungi
  26 plants
  20 starspawn tentacles
  2 withered plants (Snake:4)
60 creatures vanquished.

Grand Total: 972 creatures vanquished

Notes
Turn   | Place    | Note
-------+----------+-------------------------------------------
     0 | D:1      | Flugslaktarn the Deep Dwarf Fighter began the quest for the
                  | Orb.
     0 | D:1      | Reached XP level 1. HP: 20/20 MP: 1/1
   185 | D:1      | Reached XP level 2. HP: 21/27 MP: 2/2
   373 | D:2      | Reached XP level 3. HP: 25/34 MP: 3/3
   401 | D:3      | Reached skill level 3 in Axes
   498 | D:4      | Reached XP level 4. HP: 20/42 MP: 4/4
   515 | D:4      | Found an ornate altar of the Wu Jian Council.
   517 | D:4      | Found a bloodstained altar of Trog.
   562 | D:4      | Found a broken altar of Ashenzari.
   567 | D:4      | Found a shimmering blue altar of Sif Muna.
   757 | D:4      | Found a hide-covered altar of Uskayaw.
   804 | D:4      | Reached XP level 5. HP: 31/50 MP: 5/5
  1032 | D:4      | Found a shadowy altar of Dithmenos.
  1169 | D:5      | Entered Level 5 of the Dungeon
  1169 | D:5      | Noticed a centaur
  1178 | D:5      | Reached skill level 4 in Axes
  1185 | D:5      | Killed a centaur
  1185 | D:5      | Reached XP level 6. HP: 37/57 MP: 6/6
  1253 | D:5      | Found a staircase to the Ecumenical Temple.
  1278 | Temple   | Entered the Ecumenical Temple
  1583 | D:5      | Found a transporter.
  1583 | D:5      | Noticed Ferkelamun's ghost (novice GnNe)
  1600 | D:5      | Found a transporter.
  1810 | D:5      | Noticed an ice beast
  1818 | D:5      | Killed an ice beast
  1818 | D:5      | Reached skill level 5 in Axes
  1818 | D:5      | Reached XP level 7. HP: 44/66 MP: 7/7
  1837 | D:5      | Reached skill level 5 in Fighting
  1870 | D:5      | Found a burning altar of Makhleb.
  1884 | D:5      | Became a worshipper of Makhleb the Destroyer
  2067 | D:5      | Reached skill level 1 in Invocations
  2073 | D:5      | Reached skill level 5 in Armour
  2073 | D:5      | Reached skill level 1 in Dodging
  2077 | D:5      | Reached skill level 6 in Axes
  2253 | D:6      | Reached XP level 8. HP: 48/75 MP: 8/8
  2318 | D:6      | Noticed Eustachio
  2359 | D:6      | Killed Eustachio
  2362 | D:6      | Found Ymikku Fisy's Jewellery Shoppe.
  2427 | D:6      | Found a runed translucent door.
  2428 | D:6      | Noticed Crazy Yiuf
  2507 | D:6      | Noticed Sigmund
  2514 | D:6      | Killed Sigmund
  2750 | D:6      | Found a basalt altar of Yredelemnul.
  2822 | D:6      | Killed Crazy Yiuf
  2879 | D:7      | Reached skill level 7 in Axes
  2907 | D:7      | Reached * piety under Makhleb
  2938 | D:7      | Noticed a hippogriff
  2955 | D:7      | Killed a hippogriff
  2994 | D:7      | Found a shimmering altar of Xom.
  3002 | D:7      | Gained mutation: You passively map the area around you.
                  | [Deep Dwarf growth]
  3002 | D:7      | Reached XP level 9. HP: 53/85 MP: 8/10
  3164 | D:7      | Found a sacrificial altar of Ru.
  3173 | D:7      | Found a glowing golden altar of the Shining One.
  3651 | D:8      | Reached ** piety under Makhleb
  3651 | D:8      | Reached skill level 8 in Axes
  3844 | D:8      | Reached skill level 5 in Invocations
  4595 | D:9      | Reached XP level 10. HP: 90/96 MP: 12/12
  4726 | D:9      | Noticed a two-headed ogre
  4736 | D:9      | Killed a two-headed ogre
  4736 | D:9      | Reached skill level 9 in Axes
  4829 | D:9      | Reached skill level 5 in Dodging
  4884 | D:9      | Reached *** piety under Makhleb
  5196 | D:10     | Entered Level 10 of the Dungeon
  5238 | D:10     | Found a large runed translucent door.
  5238 | D:10     | Found a large runed translucent door.
  5500 | D:10     | Noticed a two-headed ogre
  5507 | D:10     | Killed a two-headed ogre
  5556 | D:10     | Reached skill level 10 in Axes
  6007 | D:10     | Killed an unseen horror
  6346 | D:11     | Noticed Maurice
  6354 | D:11     | Noticed a manticore
  6364 | D:11     | Noticed a cyclops
  6369 | D:11     | Reached XP level 11. HP: 60/106 MP: 12/12
  6375 | D:11     | Killed Maurice
  6604 | D:11     | Reached **** piety under Makhleb
  6638 | D:11     | Found a runed translucent door.
  6638 | D:11     | Noticed Flugslaktarn's ghost (journeyman DDFi)
  6717 | D:11     | Found a staircase to the Lair.
  6761 | D:11     | Reached skill level 11 in Axes
  6882 | D:11     | Identified the +2 spear "Ceor" {vorpal, rC+ MR+ Int-3}
  6933 | D:12     | Noticed a seven-headed hydra
  6941 | D:12     | Killed a seven-headed hydra
  7046 | D:12     | Killed an unseen horror
  7080 | D:12     | Found a staircase to the Orcish Mines.
  7118 | D:12     | Noticed a two-headed ogre
  7137 | D:12     | Killed a two-headed ogre
  7252 | D:12     | Noticed a deep elf annihilator
  7255 | D:12     | Found a radiant altar of Vehumet.
  7257 | D:12     | Found a transporter.
  7258 | D:12     | Noticed an ogre mage
  7260 | D:12     | Noticed a tengu reaver
  7283 | D:12     | Reached skill level 10 in Fighting
  7285 | D:12     | Reached ***** piety under Makhleb
  7347 | D:12     | Noticed a two-headed ogre
  7357 | D:12     | Killed a two-headed ogre
  7408 | D:12     | Reached XP level 12. HP: 116/116 MP: 12/12
  7469 | D:12     | Noticed an ogre mage
  7533 | D:12     | Noticed an eight-headed hydra
  7547 | D:12     | Killed a nine-headed hydra
  7732 | D:12     | Noticed an ogre mage
  7736 | D:12     | Identified the +8 scythe of the Sugar Beet {vorpal, rC+}
  7802 | D:13     | Reached skill level 12 in Axes
  7821 | D:13     | Noticed a two-headed ogre
  7831 | D:13     | Killed a two-headed ogre
  7864 | D:13     | Noticed a centaur warrior
  7874 | D:13     | Killed a centaur warrior
  7897 | D:13     | Found a gate leading to a gauntlet.
  7912 | D:13     | Noticed Kirke
  7937 | Gauntlet | Entered a Gauntlet
  7937 | Gauntlet | Found a transporter.
  7946 | Gauntlet | Found a transporter.
  7946 | Gauntlet | Found a transporter.
  7955 | Gauntlet | Found a transporter.
  7957 | Gauntlet | Found a transporter.
  7967 | Gauntlet | Found a transporter.
  7983 | Gauntlet | Found a transporter.
  7993 | Gauntlet | Found a transporter.
  8001 | Gauntlet | Found a runed translucent door.
  8004 | Gauntlet | Found a transporter.
  8021 | Gauntlet | Found a transporter.
  8032 | Gauntlet | Found a transporter.
  8032 | Gauntlet | Found a transporter.
  8035 | Gauntlet | Noticed a queen ant
  8074 | Gauntlet | Noticed a cacodemon
  8075 | Gauntlet | Found a runed translucent door.
  8080 | Gauntlet | Found a transporter.
  8094 | Gauntlet | Found a transporter.
  8319 | Gauntlet | Got a distressingly furry helmet
  8327 | Gauntlet | Identified the -5 helmet of Pandemonium {+Inv Str+5} (You
                  | found it in a Gauntlet)
  8394 | Gauntlet | Noticed a minotaur
  8433 | Gauntlet | Killed a minotaur
  8433 | Gauntlet | Reached skill level 1 in Evocations
  8494 | D:13     | Killed Kirke
  8494 | D:13     | Reached skill level 10 in Invocations
  8775 | D:13     | Reached XP level 13. HP: 127/127 MP: 12/12
  8914 | D:13     | Reached skill level 13 in Axes
  9030 | D:13     | Reached skill level 10 in Armour
  9164 | D:14     | Noticed Nessos
  9197 | D:14     | Killed Nessos
  9419 | D:14     | Found a glowing golden altar of the Shining One.
  9443 | D:14     | Noticed Josephine
  9470 | D:14     | Killed Josephine
  9655 | D:14     | Noticed Agnes
  9683 | D:14     | Killed Agnes
  9812 | D:14     | Found a gate to the Vaults.
  9939 | D:14     | Reached ****** piety under Makhleb
 10125 | D:15     | Entered Level 15 of the Dungeon
 10198 | D:15     | Reached skill level 5 in Evocations
 10274 | D:15     | Found a staircase to the Depths.
 10299 | D:15     | Reached skill level 14 in Axes
 10360 | D:15     | Gained mutation: You resist negative energy. (rN+) [Deep
                  | Dwarf growth]
 10360 | D:15     | Reached XP level 14. HP: 96/138 MP: 12/12
 10380 | D:15     | Found a snail-covered altar of Cheibriados.
 11076 | Lair:1   | Entered Level 1 of the Lair of Beasts
 11095 | Lair:2   | Noticed Gastronok
 11112 | Lair:2   | Killed Gastronok
 11794 | Lair:3   | Found a staircase to the Snake Pit.
 12151 | Lair:3   | Reached skill level 10 in Dodging
 12689 | Lair:4   | Got a scintillating bone ring
 13069 | Lair:4   | Found a staircase to the Swamp.
 13348 | Lair:4   | Identified the ring of the Madman {+Fly rPois rN+ Int+3
                  | Slay+4} (You found it on level 4 of the Lair of Beasts)
 13404 | Snake:1  | Entered Level 1 of the Snake Pit
 13428 | Snake:1  | Found a transporter.
 13440 | Snake:2  | Noticed Vashnia
 13459 | Snake:2  | Reached skill level 15 in Axes
 13515 | Snake:2  | Reached XP level 15. HP: 103/147 MP: 13/13
 13537 | Snake:2  | Killed Vashnia
 13644 | Snake:2  | Reached skill level 5 in Shields
 13761 | Snake:4  | Entered Level 4 of the Snake Pit
 13811 | Snake:4  | Found a runed translucent door.
 13811 | Snake:4  | Noticed Flugslaktarn's ghost (adept DDFi)
 13813 | Snake:4  | Noticed Aizul
 13834 | Snake:4  | Killed Aizul
 13886 | Snake:4  | Noticed a nagaraja
 13901 | Snake:4  | Killed a nagaraja
 13926 | Snake:4  | Noticed a nagaraja
 13944 | Snake:4  | Killed a nagaraja
 13948 | Snake:4  | Noticed a nagaraja
 13963 | Snake:4  | Killed a nagaraja
 13991 | Snake:4  | Noticed a nagaraja
 13998 | Snake:4  | Noticed a nagaraja
 14001 | Snake:4  | Noticed a nagaraja
 14007 | Snake:4  | Killed a nagaraja
 14090 | Snake:4  | Noticed a nagaraja
 14092 | Snake:4  | Killed a nagaraja
 14097 | Snake:4  | Killed a nagaraja
 14117 | Snake:4  | Killed a nagaraja
 14117 | Snake:4  | Reached skill level 16 in Axes
 14161 | Snake:4  | Got a serpentine rune of Zot
 14391 | Swamp:1  | Entered Level 1 of the Swamp
 14571 | Swamp:1  | Noticed a thorn hunter
 14583 | Swamp:1  | Killed a thorn hunter
 14583 | Swamp:1  | Reached XP level 16. HP: 121/159 MP: 14/14
 14742 | Swamp:3  | Noticed a thorn hunter
 14756 | Swamp:3  | Killed a thorn hunter
 14763 | Swamp:4  | Entered Level 4 of the Swamp
 15059 | Swamp:4  | Reached skill level 10 in Evocations
 15323 | Swamp:4  | Noticed the 27-headed Lernaean hydra
 15332 | Swamp:4  | Killed the 27-headed Lernaean hydra
 15399 | Swamp:4  | Got a decaying rune of Zot
 15756 | D:15     | Cast into level 4 of the Abyss (unwielding a weapon of
                  | distortion)
 15809 | Abyss:4  | Noticed a tentacled starspawn
 15821 | Abyss:4  | Killed a tentacled starspawn
 15854 | Abyss:4  | Noticed a lich
 15861 | Abyss:4  | Noticed a tentacled starspawn
 15870 | Abyss:4  | Killed a lich
 15876 | Abyss:4  | Killed a tentacled starspawn
 15916 | Abyss:4  | Reached skill level 17 in Axes
 15967 | Abyss:4  | Gained mutation: Armour fits poorly on your strangely
                  | shaped body. [a neqoxec]
 15972 | Abyss:4  | Noticed a tentacled starspawn
 15977 | Abyss:4  | Killed a tentacled starspawn
 16014 | Abyss:4  | Noticed a tentacled starspawn
 16032 | Abyss:4  | Killed a tentacled starspawn
 16040 | Abyss:4  | Reached XP level 17. HP: 158/168 MP: 15/15
 16072 | Abyss:5  | Entered Level 5 of the Abyss
 16072 | Abyss:5  | Found a corrupted altar of Lugonu.
 16097 | Abyss:5  | Reached skill level 15 in Fighting
 16193 | Abyss:5  | Found a corrupted altar of Lugonu.
 16358 | Abyss:5  | Noticed a tentacled monstrosity
 16379 | Abyss:5  | Killed a tentacled monstrosity
 16391 | Abyss:5  | Paralysed by accursed screaming for 1 turns
 16398 | Abyss:5  | Noticed a profane servitor
 16581 | Abyss:5  | Noticed a lich
 16583 | Abyss:5  | Noticed a lich
 16584 | Abyss:5  | Noticed a lich
 16584 | Abyss:5  | Noticed a lich
 16593 | Abyss:5  | Noticed a lich
 16598 | Abyss:5  | Killed a lich
 16599 | Abyss:5  | Noticed a bone dragon
 16600 | Abyss:5  | Killed a lich
 16604 | Abyss:5  | Killed a lich
 16611 | Abyss:5  | Killed a lich
 16611 | Abyss:5  | Reached skill level 18 in Axes
 16623 | Abyss:5  | Killed a lich
 16628 | Abyss:5  | Noticed a lich
 16635 | Abyss:5  | Killed a lich
 16641 | Abyss:5  | Got an abyssal rune of Zot
 16650 | Abyss:5  | Reached skill level 15 in Invocations
 16670 | D:15     | Escaped the Abyss
 16764 | Depths:1 | Entered Level 1 of the Depths
 16945 | Depths:2 | Gained mutation: You passively map a large area around you.
                  | [Deep Dwarf growth]
 16945 | Depths:2 | Reached XP level 18. HP: 130/181 MP: 15/15
 17057 | Depths:2 | Found a gateway to a ziggurat.
 17262 | Depths:2 | Reached skill level 10 in Shields
 17316 | Depths:4 | Noticed a golden dragon
 17332 | Depths:4 | Killed a golden dragon
 17646 | Depths:5 | Entered Level 5 of the Depths
 17646 | Depths:5 | Noticed a caustic shrike
 17648 | Depths:5 | Noticed a caustic shrike
 17650 | Depths:5 | Noticed a caustic shrike
 17651 | Depths:5 | Noticed a caustic shrike
 17651 | Depths:5 | Noticed a caustic shrike
 17671 | Depths:4 | HP: 8/183 [caustic shrike (24)]
 17671 | Depths:4 | HP: 2/183 [acid (6)]
 17671 | Depths:4 | Mangled by a caustic shrike

Illustrated notes

Levels and vault maps discovered:
D:1:      matt_arrival_los_fun, layout_basic
D:2:      layout_loops_corners, nicolae_qazlal_general_emergency,
          chequers_ecumenical_altar_grove, minmay_joined_circles
D:3:      layout_basic, minivault_25, ashenzari_altar_1
D:4:      layout_loops_corners, grunt_dithmenos_shadows,
          nicolae_overflow_hidden_temple, eat_drink_and_be_merry_uskayaw
D:5:      layout_rooms, makhleb_grotto_becter, minmay_temple_entry_ruins,
          gammafunk_ghost_arena
D:6:      layout_cave_pools, lemuel_coloured_pillars_altar, serial_shops,
          shop_fountains, uniq_crazy_yiuf_cottage, uniq_eustachio, uniq_sigmund
D:7:      layout_gridville, xom_confusion_cloud, amethyst_overflow_temple_binary
D:8:      minmay_slanted_spiral_squares, layout_basic
D:9:      layout_basic
D:10:     kennysheep_spiral_hall, layout_basic, lightli_elemental_guards
D:11:     layout_cave_pools, david_lair_shrubbed, ebering_ghost_funeral_grove,
          uniq_maurice
D:12:     gammafunk_sealed_library, layout_irregular_city, david_orc_4
D:13:     layout_gridville, gauntlet_entry_generic, uniq_kirke
D:14:     layout_roguey, lightli_vaults_fourway_checkpoint, nrook_mini_vaults,
          nicolae_tso_carved_into_rock, uniq_josephine, uniq_agnes, uniq_nessos
D:15:     grunt_enter_depths_magical_seal, layout_rooms, cheibriados_altar_1
Temple:   jpeg_temple_alley_garden
Lair:1:   beast_lair_carwin_large_2, layout_small_grid, minmay_lair_oklob_bushes
Lair:2:   layout_loops_ring, beast_lair_carwin_11, grunt_megastairs_1,
          lemuel_fruit_tree, uniq_gastronok
Lair:3:   layout_loops_ring, minmay_snake_entry_guardpost_small,
          chequers_serial_rivers_room_a, small_statue_intersection, zaba_anthell
Lair:4:   layout_hall_layers, swamp_mist
Swamp:1:  layout_basic_swamp, evilmike_swamp_ruin_rubble_2
Swamp:2:  gammafunk_worm_tunnel, layout_basic_swamp,
          evilmike_swamp_ruin_house_4, swamp_pool5
Swamp:3:  layout_basic_swamp, nicolae_swamp_godswood
Swamp:4:  swamp_basic_johnstein, layout_basic_swamp
Snake:1:  gammafunk_the_bubble [the_bubble_gammafunk_split],
          layout_misc_corridors, st_stairs_6
Snake:2:  onia_ninara_swampy_vault, layout_misc_corridors, uniq_vashnia
Snake:3:  skrybe_snakes_to_sticks, layout_rooms, special_room
Snake:4:  minmay_snake_end_coiled, layout_cave_town, gammafunk_ghost_grave,
          uniq_aizul
Depths:1: layout_gridville, serial_sigils_hangedman_leer, hell_entry,
          corner_web_ring, kennysheep_nondescript, minmay_misc_feat_tower,
          kennysheep_generic_room_15
Depths:2: minmay_guarded_unrand_guard, layout_gridlike, enter_ziggurat_c,
          minmay_holes, hell_entry, grunt_megastairs_3
Depths:3: minmay_the_grid_ultimate [minmay_the_grid_prize_big_room,
          minmay_the_grid_prize_four_corners, minmay_the_grid_prize_trominoes,
          minmay_the_grid_prize_inner_circle, minmay_the_grid_square_5x5_spiral,
          minmay_the_grid_square_5x5_empty,
          minmay_the_grid_square_5x5_spiral_small,
          minmay_the_grid_square_5x5_moneybag, minmay_the_grid_square_5x5_eight,
          minmay_the_grid_square_5x5_one_wall,
          minmay_the_grid_square_5x5_shrine2,
          minmay_the_grid_square_5x5_gyroscope, minmay_the_grid_square_5x5_two,
          minmay_the_grid_square_5x5_sharp_hourglass,
          minmay_the_grid_square_5x5_corner,
          minmay_the_grid_square_5x5_two_walls_b,
          minmay_the_grid_square_5x5_hollow_slash,
          minmay_the_grid_square_5x5_longway, minmay_the_grid_square_5x5_z,
          minmay_the_grid_triangle_9x9_longest,
          minmay_the_grid_triangle_9x9_swiss_cheese,
          minmay_the_grid_triangle_9x9_checkered,
          minmay_the_grid_triangle_9x9_from_above,
          minmay_the_grid_triangle_9x9_dagger,
          minmay_the_grid_triangle_9x9_warning,
          minmay_the_grid_triangle_9x9_sparse_checkered,
          minmay_the_grid_triangle_9x9_minimal,
          minmay_the_grid_triangle_9x9_impossible_snake,
          minmay_the_grid_triangle_9x9_empty,
          minmay_the_grid_triangle_9x9_fully_insulated_deathbox,
          minmay_the_grid_triangle_9x9_thin_v,
          minmay_the_grid_triangle_9x9_zippers_horizontal,
          minmay_the_grid_triangle_9x9_stretched_checkered,
          minmay_the_grid_triangle_9x9_shrine,
          minmay_the_grid_triangle_9x9_windchime,
          minmay_the_grid_square_5x5_bite, minmay_the_grid_octo_vomiting_pacman,
          minmay_the_grid_octo_chip, minmay_the_grid_octo_fat_diamond,
          minmay_the_grid_octo_teeth, minmay_the_grid_octo_pinwheel,
          minmay_the_grid_octo_77, minmay_the_grid_octo_odd_swirl,
          minmay_the_grid_octo_thin_diamonds, minmay_the_grid_outer_circle,
          minmay_the_grid_tiny_cups, minmay_the_grid_airy, minmay_the_grid_fan],
          pan_entry, hell_entry
Depths:4: minmay_inner_zag, layout_cave_shapes, special_room
          [special_room_jelly], basic_altar, abyss_entry, hell_entry,
          infiniplex_staircase_split_hallway, minmay_shop_grove, firewood_loft
Depths:5: evilmike_zot_entry_basic, layout_twisted_cross, abyss_entry,
          okawaru_ov_weapons_minmay, lightli_too_deep, serial_bayou_shore_b,
          roderic_lattice_octagonal_star

Skill      XL: |  1  2  3  4  5  6  7  8  9 10 11 12 13 14 15 16 17 18 |
---------------+-------------------------------------------------------+-----
Fighting       | 3 4 5 6 7 9 10 11 12 13 14 15 16 | 16.4
Axes           | 3 4 5 6 7 8 10 11 12 14 15 16 17 18 | 18.0
Shields        | 4 6 8 9 10 | 10.6
Armour         | 4 5 6 7 8 9 10 11 12 13 14 | 14.3
Invocations    | 2 4 5 7 8 10 11 12 13 14 15 | 15.0
Dodging        | 1 3 4 6 7 8 9 10 | 10.5
Evocations     | 2 5 7 9 10 | 10.0

Action                   |  1- 3 |  4- 6 |  7- 9 | 10-12 | 13-15 | 16-18 || total
-------------------------+-------+-------+-------+-------+-------+-------++-------
Melee: War axe           |    76 |    99 |   459 |   904 |   582 |       ||  2120
       Broad axe         |       |       |       |       |   678 |   902 ||  1580
Invok: Lesser Servant of |       |       |       |     5 |     1 |     7 ||    13
       Greater Servant o |       |       |       |       |     6 |     3 ||     9
 Abil: Heal Wounds       |       |     5 |    10 |    38 |    28 |    39 ||   120
Evoke: Wand              |       |       |       |     3 |       |     2 ||     5
       Condenser vane    |       |       |       |       |     5 |     4 ||     9
  Use: Scroll            |       |       |     8 |    12 |     7 |     6 ||    33
       Potion            |       |       |       |     3 |       |     3 ||     6
 Stab: Distracted        |       |       |       |     1 |     2 |     7 ||    10
       Confused          |       |       |       |       |     4 |       ||     4
Armor: Scale mail        |    40 |    64 |    23 |       |       |       ||   127
       Plate armour      |       |       |   252 |   752 |   691 |   789 ||  2484
       Gold dragon scale |       |       |       |       |       |    64 ||    64
       Skin              |       |       |       |       |       |     1 ||     1
Dodge: Dodged            |    28 |    24 |   108 |   483 |   743 |   661 ||  2047
Block: Kite shield       |    45 |    69 |   270 |   615 |   783 |   708 ||  2490

Table legend: (Time is in decaauts)
 A = Elapsed time spent in this place.
 B = Non-inter-level travel time spent in this place.
 C = Inter-level travel time spent in this place.
 D = Time resting spent in this place.
 E = Time spent auto-exploring this place.
 F = Levels seen in this place.
 G = Mean time per level.
                   A        B        C        D        E       F      G
               +--------+--------+--------+--------+--------+-----+--------+
         Total |  17676 |  16254 |   1422 |    439 |   9648 |  36 |  491.0 |
       Dungeon |  10593 |   9951 |    642 |    432 |   6160 |  15 |  706.2 |
        Temple |    260 |    206 |     54 |      0 |    205 |   1 |  260.0 |
          Lair |   2405 |   2192 |    213 |      0 |   1735 |   4 |  601.2 |
         Swamp |   1289 |   1020 |    269 |      0 |    510 |   4 |  322.2 |
     Snake Pit |    915 |    723 |    192 |      0 |    179 |   4 |  228.8 |
        Depths |    853 |    804 |     49 |      0 |    454 |   5 |  170.6 |
         Abyss |    823 |    823 |      0 |      7 |    203 |   2 |  411.5 |
      Gauntlet |    535 |    535 |      0 |      0 |    201 |   1 |  535.0 |
               +--------+--------+--------+--------+--------+-----+--------+

Top non-repeatable levels by time:
    D:10: 1146 daAuts
    D:14: 1039 daAuts
     D:8: 926 daAuts
    D:15: 886 daAuts
    D:12: 884 daAuts
  Lair:4: 874 daAuts
    D:13: 845 daAuts
  Lair:3: 833 daAuts
     D:5: 830 daAuts
 Swamp:4: 798 daAuts
     D:4: 786 daAuts
     D:7: 747 daAuts
     D:9: 714 daAuts
  Lair:2: 685 daAuts
    D:11: 683 daAuts
